AoeStats
← Zagnaros

Four Lakes

509808299Analyzed
1v1 RM · 5d ago on Sep 28, 2026· 65m 21s· 2 players
Game mode
Random Map
Map size
Tiny (2 player)
Population
200
Speed
Normal
Resources
Standard
Victory
Conquest
Starting age
Dark Age
Ending age
Imperial Age
RankedLock teamsTeams togetherTeam positionsShared explorationLock speedFull tech treeHidden civsTurbo modeCheats
Victory
Defeat
🇨🇴 Slavs · Colombia
947
+16
🇫🇷 Spanish · France
940
-16
Zagnaros
7:45 Loom
9:54 Feudal Age
11:07 Double-Bit Axe
14:05 Horse Collar
14:32 Stone Mining
21:51 Castle Age
25:32 Bloodlines
25:23 Husbandry
27:31 Scale Barding Armor
29:00 Heavy Plow
36:54 Herbal Medicine
40:01 Wheelbarrow
44:28 Imperial Age
43:23 Chain Barding Armor
48:41 Supremacy
52:03 Bow Saw
51:47 Gold Mining
52:43 Elite Conquistador
65:52 Plate Barding Armor
Trailer park supervisor
7:59 Loom
14:49 Feudal Age
14:53 Man-at-Arms
16:45 Double-Bit Axe
18:39 Wheelbarrow
19:40 Forging
19:31 Scale Mail Armor
20:16 Fletching
20:53 Padded Archer Armor
28:03 Castle Age
33:25 Gold Mining
34:17 Hand Cart
34:15 Bodkin Arrow
34:38 Chain Mail Armor
34:57 Elite Skirmisher
38:41 Devotion
40:44 Ballistics
40:20 Murder Holes
40:59 Leather Archer Armor
42:38 Long Swordsman
43:44 Squires
46:30 Imperial Age
44:15 Stone Mining
44:50 Horse Collar
47:42 Two-Handed Swordsman
48:45 Conscription
48:59 Ring Archer Armor
48:33 Husbandry
50:32 Champion
50:35 Pikeman
52:36 Elite Boyar
55:42 Scale Barding Armor
56:27 Bow Saw
57:40 Chain Barding Armor
Connection lost

Rejoining the realm…

Still unreachable

The connection could not be restored.

Session expired

The server has moved on; the page needs a fresh start.